 Dungeon Crawl Stone Soup version 0.18.1-5-g4a78601 (webtiles) character file.

156829 M4edhros the Peltast (level 17, -4/122 HPs)
             Began as an Octopode Artificer on May 12, 2016.
             Was the Champion of Dithmenos.
             Slain by a spriggan rider
             ... wielding a +0 spear
              (30 damage)
             ... on level 3 of the Swamp on May 13, 2016.
             The game lasted 01:36:36 (40930 turns).

M4edhros the Peltast (Octopode Artificer)          Turns: 40930, Time: 01:36:37

Health: -4/122     AC:  4    Str: 11    XL:     17   Next: 68%
Magic:  22/22      EV: 21    Int: 25    God:    Dithmenos [******]
Gold:   655        SH: 27    Dex: 27    Spells: 3 memorised, 3 levels left

rFire  x . .     SeeInvis +     y - +3 demon trident (freeze)
rCold  + + .     Gourm    .     k - +2 large shield "Lusoj" {rC+ Int+6 SInv}
rNeg   . . .     Faith    .     m - +2 hat
rPois  .         Spirit   .     t - +6 amulet of reflection
rElec  .         Dismiss  .     o - ring of protection from magic
rCorr  +         Reflect  +     Q - ring of flight
SustAt .         Harm     .     X - ring of see invisible
MR     +++..                    Z - +3 ring of intelligence
Stlth  ++++++++++               z - +6 ring of dexterity
                                d - ring of resist corrosion
                                (no ring)
                                T - ring of ice

@: wreathed by umbra, studying Polearms, drained, extremely resistant to hostile
enchantments, uncannily stealthy
A: almost no armour, amphibious, 8 rings, constrict 8, molten scales 1,
camouflage 2, agile 1, clever 1, magic resistance 1, sense surroundings 1,
regeneration 1, robust 1, screaming 1, gelatinous body 1, subdued magic 1
a: Shadow Step, Shadow Form, Renounce Religion, Evoke Flight


You were on level 3 of the Swamp.
You worshipped Dithmenos.
Dithmenos was exalted by your worship.
You were hungry.

You visited 5 branches of the dungeon, and saw 29 of its levels.
You also visited: Ice Cave.

You collected 3043 gold pieces.
You spent 2388 gold pieces at shops.

Inventory:

Hand Weapons
 h - a +0 hunting sling of freezing
 y - a +3 demon trident of freezing (weapon)
 B - the +10 rapier of Gluttony {pierce, +Rage}
   (You found it on level 7 of the Lair of Beasts)

   It inflicts extra damage upon your enemies.
   It lets you go berserk.
 H - a +0 blowgun
Missiles
 x - 752 stones (quivered)
 L - 208 sling bullets
 U - 2 curare-tipped needles
Armour
 k - the +2 large shield "Lusoj" (worn) {rC+ Int+6 SInv}
   (You acquired it on level 13 of the Dungeon)

   It affects your intelligence (+6).
   It protects you from cold.
   It lets you see invisible.
 m - a +2 hat (worn)
Jewellery
 d - a ring of resist corrosion (on tentacle)
 o - a ring of protection from magic (left tentacle)
 q - an uncursed amulet of rage
 t - a +6 amulet of reflection (around mantle)
 z - a +6 ring of dexterity (on tentacle)
 M - a cursed ring of teleportation {unknown}
 Q - a ring of flight (right tentacle)
 T - a ring of ice (on tentacle)
 X - a ring of see invisible (on tentacle)
 Z - a +3 ring of intelligence (on tentacle)
Wands
 c - a wand of enslavement (4/24)
 C - a wand of digging (5/24)
 J - a wand of iceblast (3/15)
 K - a wand of disintegration (10/24)
 O - a wand of acid (6/15)
Scrolls
 a - a scroll of teleportation
 b - a scroll of blinking
 e - 2 scrolls of remove curse
 l - a scroll of amnesia
 r - 5 scrolls of fog
 s - 7 scrolls of magic mapping
 v - 2 scrolls of summoning
 F - 6 scrolls of fear
 G - 3 scrolls of enchant armour
 P - a scroll of brand weapon
Potions
 n - 4 potions of magic
 u - 2 potions of agility
 w - a potion of haste
 N - 6 potions of curing
 R - a potion of might
 W - 2 potions of brilliance
 Y - a potion of resistance
Books
 I - a manual of Polearms
Miscellaneous
 i - a legendary deck of destruction {drawn: 1}
 A - a stone of tremors
 E - an ornate deck of changes {drawn: 7}
Comestibles
 f - 14 bread rations
 g - 5 meat rations
 j - 5 beef jerkies
 p - 45 fruits


   Skills:
 + Level 8.5(8.1) Fighting
 - Level 4.8(4.5) Short Blades
 * Level 15.0(14.5) Polearms
 - Level 7.7(7.3) Slings
 - Level 10.0(9.6) Dodging
 - Level 12.0(11.5) Stealth
 + Level 15.8(15.3) Shields
 * Level 10.2(9.8) Transmutations
 - Level 1.0(0.6) Air Magic
 * Level 10.0(9.5) Earth Magic
 - Level 7.3(6.9) Invocations
 - Level 3.2(2.9) Evocations


You had 3 spell levels left.
You knew the following spells:

 Your Spells              Type           Power        Failure   Level  Hunger
a - Summon Lightning Spi  Summ/Air       #.......     100%        4    #####..
b - Statue Form           Trmt/Erth      #####....    96%         6    #######
c - Regeneration          Chrm/Necr      #.........   95%         3    ####...


Dungeon Overview and Level Annotations

Branches:
Dungeon (15/15)            Temple (1/1) D:4            Lair (8/8) D:10
  Swamp (3/4) Lair:6        Snake (0/4) Lair:5        Slime (0/6) Lair:6
    Orc (2/2) D:10            Elf (0/3) Orc:2        Vaults (0/5) D:14
 Depths (0/5) D:15

Altars:
Ashenzari
Cheibriados
Dithmenos
Elyvilon
Fedhas
Gozag
Kikubaaqudgha
Makhleb
Nemelex Xobeh
Okawaru
Pakellas
Qazlal
Ru
Sif Muna
Trog
Vehumet
Xom
Yredelemnul
Zin
The Shining One
Beogh

Shops:
D:6 :   D:7 }   D:8 [   Orc:2 %[!:

Portals:
Pandemonium: Orc:2

Annotations:
D:5 Duvessa


Innate Abilities, Weirdness & Mutations

You cannot wear most types of armour.
You are amphibious.
You can wear up to eight rings at the same time.
You can use your tentacles to constrict eight enemies at once.
Your skin blends seamlessly with your surroundings (Stealth).
Your rubbery body absorbs attacks (AC +1).
You are partially covered in molten scales (AC +1).
You are agile. (Dex +2)
Your mind is acute. (Int +2)
You are resistant to hostile enchantments.
You passively map a small area around you.
Your natural rate of healing is unusually fast.
You are robust (+10% HP).
You occasionally shout uncontrollably at your foes.
Your spells are a little easier to cast, but a little less powerful.


Message History

The spriggan rider is moderately wounded.
Evoking this partially-identified wand wasted a few charges.
Your skill with magical items lets you calculate the power of this device...
This wand has 4 charges left.
You feel yourself speed up.
You feel sick. You block the spriggan rider's attack.
Unknown command.
Unknown command.
Unknown command.
Drink which item? (? for menu, Esc to quit)
You feel better. You block the spriggan rider's attack.
Evoke which item? (* to show all) (? for menu, Esc to quit)
Zapping:
J - a wand of iceblast (4/15)
Press: ? - help, Shift-Dir - straight line, p - spriggan rider The mass of ice explodes!
The iceblast engulfs the spriggan rider.
The spriggan rider is moderately wounded.
This wand has 3 charges left.
The spriggan rider hits you from afar with a spear!!
You die...

#....♣ ..≈≈≈..#..#
#..... ♣♣ .≈≈≈..#..
#..≈.. ≈≈♣♣♣..≈....
##...≈♣ ♣♣.≈♣.≈≈≈..##
..##....≈.
♣≈.≈§≈≈§≈≈..#.##...≈≈≈..
♣♣.§§§≈≈§§§.......≈≈≈≈..
♣≈..§§§§§i§.......≈≈≈≈.♣
*** ♣§§@§§..>.♣♣♣.≈≈≈≈≈♣
♣§§§♣§.≈♣♣♣ ♣.≈≈≈.♣.
♣♣♣♣§♣♣ ♣♣♣ ♣♣♣♣♣..≈
♣≈≈≈§≈♣ * ♣.≈≈ ♣.≈≈.♣♣ ,
♣♣≈≈ ♣♣≈≈.♣ ♣♣. ♣.≈.≈♣
♣♣ ♣♣♣♣. ♣♣≈..♣♣♣
y.≈♣≈... ♣≈.)..≈♣♣
≈≈..≈≈≈≈


You could see a spriggan rider.

Vanquished Creatures
  Jorgrun (Swamp:2)
  A thorn hunter (Swamp:3)
  An orc warlord (Orc:2)
  The ghost of puimuR the Bludgeoner, a journeyman TrWr of the Shining One (Lair:8)
  7 vault guards (D:14)
  Josephine (Lair:7)
  2 blizzard demons (IceCv)
  21 hydras
  9 alligators
  3 catoblepae (Lair:8)
  3 centaur warriors
  An ogre mage (D:15)
  11 death yaks
  A spriggan berserker (Swamp:2)
  A dancing weapon (Orc:2)
  6 orc high priests (Orc:2)
  12 spriggans
  4 spriggan druids
  3 skeletal warriors
  2 wizards
  An unseen horror (D:12)
  A putrid demonspawn (Orc:2)
  A shambling mangrove (Swamp:2)
  4 swamp dragons
  6 orc knights
  3 infernal demonspawn (Orc:2)
  Pikel (D:4)
  6 hill giants
  13 ugly things
  3 griffons
  9 orc sorcerers
  3 harpies (D:15)
  A wolf spider zombie (D:15)
  7 cyclopes
  A faun (shapeshifter) (D:13)
  A rust devil (Orc:2)
  A sixfirhy (Orc:2)
  13 elephants
  3 naga magi (D:15)
  8 black mambas
  Joseph (D:9)
  2 ice statues (IceCv)
  6 centaur skeletons
  15 spiny frogs
  4 komodo dragons
  A kobold demonologist (D:11)
  6 rime drakes
  A redback zombie (D:14)
  An efreet (D:15)
  14 ice devils
  11 trolls
  4 polar bears
  3 two-headed ogres
  5 giant leeches
  2 red devils (Orc:2)
  A boulder beetle (Lair:7)
  A harpy skeleton (D:15)
  14 blink frogs
  11 slime creatures
  5 bog bodies
  A centaur simulacrum (D:15)
  A ynoxinul (Orc:2)
  56 yaks
  7 wyverns
  A shadow (Swamp:3)
  A neqoxec (Orc:2)
  8 wraiths
  13 hippogriffs
  6 basilisks
  A hungry ghost (D:8)
  9 vampire mosquitoes
  2 mottled dragons
  3 nagas (Lair:5)
  7 wargs
  9 insubstantial wisps
  26 swamp worms
  A hell hound (D:14)
  A soldier ant (D:14)
  14 water moccasins
  7 porcupines
  46 orc warriors
  2 black bears
  3 phantoms
  6 swamp drakes
  5 ice beasts
  7 sky beasts
  14 wasps
  2 eyes of draining
  15 ogres
  14 wolves
  5 centaurs
  16 crocodiles
  6 big kobolds
  15 giant frogs
  2 wyvern skeletons
  Dowan (D:4)
  6 scorpions
  19 killer bees
  6 wights
  A howler monkey (D:12)
  3 electric eels
  9 crimson imps
  A giant frog zombie (D:13)
  3 quasits
  4 jellies
  38 orc priests
  4 centaur zombies
  9 hounds
  23 orc wizards
  A giant frog skeleton (D:5)
  Jessica (D:3)
  7 iguanas
  Terence (D:2)
  9 worker ants
  13 sheep
  2 hound zombies
  A hound skeleton (D:10)
  A howler monkey zombie (D:5)
  3 worker ant zombies
  Robin (D:3)
  3 gnolls (D:2)
  18 adders
  76 river rats
  6 shadow imps
  4 white imps (IceCv)
  8 ufetubi (IceCv)
  4 oozes
  7 worms
  10 giant geckos
  113 orcs
  4 ball pythons
  5 giant cockroaches
  A hobgoblin (D:3)
  6 jackals
  4 quokkas
  11 bats
  A giant gecko skeleton (D:8)
  A giant gecko zombie (D:5)
  4 giant newts
  16 goblins
  A jackal skeleton (D:5)
  26 kobolds
  10 rats
  A briar patch (Swamp:3)
  A plant (Lair:7)
1125 creatures vanquished.

Vanquished Creatures (collateral kills)
  A death yak (Lair:4)
  An insubstantial wisp (Lair:4)
  A worker ant (D:4)
  2 sheep (Lair:8)
  A river rat (Lair:4)
  An orc (D:10)
  A jackal (D:2)
8 creatures vanquished.

Vanquished Creatures (others)
  A centaur warrior (D:15)
  An alligator (Swamp:1)
  A spiny frog (Lair:3)
  A blink frog (Swamp:2)
  A warg (D:10)
  An orc warrior (D:10)
  2 centaurs
  A worker ant (D:4)
  A gnoll (D:2)
  2 white imps (IceCv)
  3 ufetubi (IceCv)
  An orc (Orc:1)
  A kobold (D:9)
  31 fungi
  9 plants
57 creatures vanquished.

Grand Total: 1190 creatures vanquished

Notes
Turn   | Place    | Note
--------------------------------------------------------------
     0 | D:1      | M4edhros the Octopode Artificer began the quest for the Orb.
     0 | D:1      | Reached XP level 1. HP: 13/13 MP: 3/3
   150 | D:3      | Reached XP level 2. HP: 16/18 MP: 4/4
   191 | D:4      | Found a staircase to the Ecumenical Temple.
   200 | Temple   | Entered the Ecumenical Temple
   207 | Temple   | Became a worshipper of Dithmenos the Shadowed
   833 | D:2      | Reached XP level 3. HP: 20/23 MP: 5/5
  1125 | D:2      | Noticed Terence
  1234 | D:2      | Reached skill level 5 in Stealth
  1283 | D:2      | Reached XP level 4. HP: 19/28 MP: 6/6
  1571 | D:2      | Reached * piety under Dithmenos
  1805 | D:2      | Reached XP level 5. HP: 22/33 MP: 7/7
  2098 | D:2      | Killed Terence
  2337 | D:3      | Noticed Robin
  2347 | D:3      | Killed Robin
  2529 | D:3      | Found a faded altar to an unknown god.
  2570 | D:3      | Noticed Jessica
  2576 | D:3      | Killed Jessica
  2576 | D:3      | Reached ** piety under Dithmenos
  2576 | D:3      | Reached XP level 6. HP: 39/39 MP: 8/8
  3643 | D:4      | Found a blossoming altar of Fedhas.
  3643 | D:4      | Noticed Pikel
  3643 | D:4      | Noticed a slave
  3643 | D:4      | Noticed a slave
  3643 | D:4      | Noticed a slave
  3645 | D:4      | Noticed a slave
  3666 | D:4      | Gained mutation: You have supernaturally acute eyesight. [potion of mutation]
  3666 | D:4      | Gained mutation: You occasionally shout uncontrollably at your foes. [potion of mutation]
  3666 | D:4      | Gained mutation: Your body sometimes deteriorates upon taking damage. [potion of mutation]
  3677 | D:4      | Killed Pikel
  3677 | D:4      | Reached XP level 7. HP: 33/48 MP: 9/9
  3677 | D:4      | Reached XP level 8. HP: 37/54 MP: 10/10
  4201 | D:4      | Noticed Duvessa
  4201 | D:4      | Noticed Dowan
  4204 | D:4      | Killed Dowan
  4222 | D:5      | Entered Level 5 of the Dungeon
  4226 | D:5      | Lost mutation: Your body sometimes deteriorates upon taking damage. [potion of cure mutation]
  4226 | D:5      | Lost mutation: You occasionally shout uncontrollably at your foes. [potion of cure mutation]
  4226 | D:5      | Lost mutation: You have supernaturally acute eyesight. [potion of cure mutation]
  4293 | D:5      | Reached skill level 5 in Dodging
  4474 | D:5      | Reached skill level 5 in Fighting
  4793 | D:5      | Found a sacrificial altar of Ru.
  5205 | D:5      | Gained mutation: You are weak. (Str -2) [mutagenic meat]
  5206 | D:5      | Gained mutation: You are dopey. (Int -2) [mutagenic meat]
  5207 | D:5      | Gained mutation: You are robust (+10% HP). [mutagenic meat]
  5318 | D:6      | Reached skill level 10 in Stealth
  5355 | D:6      | Found Eqiuci's Book Boutique.
  5555 | D:6      | Reached *** piety under Dithmenos
  5751 | D:6      | Reached skill level 1 in Polearms
  5763 | D:6      | Reached XP level 9. HP: 63/68 MP: 11/11
  6540 | D:7      | Found Aguugg's Gadget Boutique.
  6625 | D:7      | Found an ancient bone altar of Kikubaaqudgha.
  6636 | D:7      | Found a shattered altar of Ashenzari.
  6640 | D:7      | Found a burning altar of Makhleb.
  6640 | D:7      | Found a white marble altar of Elyvilon.
  6640 | D:7      | Found a blossoming altar of Fedhas.
  6640 | D:7      | Found a snail-covered altar of Cheibriados.
  6641 | D:7      | Found an iron altar of Okawaru.
  6643 | D:7      | Found a glowing golden altar of the Shining One.
  6644 | D:7      | Found a stormy altar of Qazlal.
  6804 | D:7      | Found an opulent altar of Gozag.
  6812 | D:7      | Found a glowing silver altar of Zin.
  7110 | D:8      | Reached **** piety under Dithmenos
  7125 | D:8      | Reached skill level 5 in Polearms
  7133 | D:8      | Learned a level 4 spell: Summon Lightning Spire
  7270 | D:8      | Gained mutation: You occasionally shout uncontrollably at your foes. [potion of mutation]
  7270 | D:8      | Gained mutation: Your skin blends seamlessly with your surroundings (Stealth). [potion of mutation]
  7293 | D:8      | Gained mutation: One of your tentacles bears a spike. [mutagenic meat]
  7336 | D:8      | Reached skill level 1 in Air Magic
  7568 | D:8      | Found Quudgh's Armour Shop.
  7591 | D:8      | Bought a +0 large shield for 67 gold pieces
  7806 | D:9      | Reached skill level 1 in Shields
  7921 | D:9      | Gained mutation: You are very robust (+20% HP). [potion of mutation]
  7954 | D:9      | Reached XP level 10. HP: 40/85 MP: 12/12
  8204 | D:9      | Noticed Joseph
  8221 | D:9      | Killed Joseph
  8713 | D:9      | Lost mutation: You are dopey. (Int -2) [mutagenic meat]
  8714 | D:9      | Lost mutation: You are weak. (Str -2) [mutagenic meat]
  8715 | D:9      | Gained mutation: You are resistant to hostile enchantments. [mutagenic meat]
  8717 | D:9      | Gained mutation: Your mind is acute. (Int +2) [mutagenic meat]
  9492 | D:10     | Entered Level 10 of the Dungeon
  9623 | D:10     | Found a staircase to the Lair.
 10017 | D:10     | Noticed a hill giant
 10049 | D:10     | Reached skill level 5 in Shields
 10090 | Lair:1   | Entered Level 1 of the Lair of Beasts
 10222 | Lair:1   | Found a sparkling altar of Nemelex Xobeh.
 10284 | Lair:1   | Reached XP level 11. HP: 41/91 MP: 13/13
 10467 | D:10     | Reached ***** piety under Dithmenos
 10984 | D:10     | Killed a hill giant
 11199 | D:10     | Found a staircase to the Orcish Mines.
 11269 | D:10     | Found a blossoming altar of Fedhas.
 11314 | D:10     | Found a roughly hewn altar of Beogh.
 11389 | D:10     | Found a glowing golden altar of the Shining One.
 11512 | D:11     | Noticed a cyclops
 11529 | D:11     | Killed a cyclops
 11535 | D:11     | Identified a scroll of acquirement
 11536 | D:11     | Got a heavily runed large shield
 11547 | D:11     | Identified the +3 large shield of the Untouchables {rC+ rCorr Str-3} (You acquired it on level 11 of the Dungeon)
 11586 | D:11     | Noticed a purple ugly thing
 11598 | D:11     | Killed a purple ugly thing
 11623 | D:11     | Lost mutation: One of your tentacles bears a spike. [mutagenic meat]
 11624 | D:11     | Gained mutation: You are partially covered in molten scales (AC +1). [mutagenic meat]
 11732 | D:11     | Found a labyrinth entrance.
 11746 | D:11     | Noticed a cyan ugly thing
 11764 | D:11     | Killed a cyan ugly thing
 11958 | D:11     | Reached skill level 10 in Shields
 12310 | D:12     | Noticed an unseen horror
 12325 | D:12     | Noticed a skeletal warrior
 12327 | D:12     | Killed an unseen horror
 12330 | D:12     | Noticed a skeletal warrior
 12405 | D:11     | Killed a skeletal warrior
 12405 | D:11     | Reached XP level 12. HP: 56/98 MP: 14/14
 12679 | D:12     | Noticed a five-headed hydra
 13034 | D:12     | Found a roughly hewn altar of Beogh.
 13231 | D:13     | Gained mutation: One of your tentacles bears a spike. [mutagenic meat]
 13232 | D:13     | Gained mutation: You are weak. (Str -2) [mutagenic meat]
 13233 | D:13     | Gained mutation: You passively map a small area around you. [mutagenic meat]
 13322 | D:13     | Drew Focus: Dex increased to 18, Str decreased to 10
 13658 | D:12     | Reached skill level 10 in Polearms
 13735 | D:12     | Lost mutation: You are weak. (Str -2) [mutagenic meat]
 13736 | D:12     | Gained mutation: Your mind is very acute. (Int +4) [mutagenic meat]
 13737 | D:12     | Gained mutation: Your spells are a little harder to cast, but a little more powerful. [mutagenic meat]
 13738 | D:12     | Gained mutation: You possess an exceptional clarity of mind. [mutagenic meat]
 14522 | D:13     | Got a faintly humming large shield
 14533 | D:13     | Identified the +2 large shield "Lusoj" {rC+ Int+6 SInv} (You acquired it on level 13 of the Dungeon)
 14559 | D:12     | Reached ****** piety under Dithmenos
 16569 | Lair:3   | Reached skill level 1 in Invocations
 16686 | Lair:3   | Noticed a seven-headed hydra
 16698 | Lair:3   | Killed a seven-headed hydra
 16706 | Lair:3   | Reached XP level 13. HP: 48/105 MP: 15/15
 19028 | Lair:5   | Found a staircase to the Snake Pit.
 19688 | Lair:5   | Reached skill level 1 in Slings
 20929 | Lair:6   | Found a staircase to the Slime Pits.
 21434 | Lair:6   | Reached skill level 5 in Invocations
 21574 | Lair:6   | Reached XP level 14. HP: 55/111 MP: 17/17
 22324 | Lair:6   | Found a staircase to the Swamp.
 22730 | Lair:7   | Noticed Josephine
 22779 | Lair:7   | Reached skill level 5 in Slings
 22789 | Lair:7   | Killed Josephine
 23190 | Lair:7   | Learned a level 6 spell: Statue Form
 23191 | Lair:7   | Got a twisted rapier
 23193 | Lair:7   | Identified the +10 rapier of Gluttony {pierce, +Rage} (You found it on level 7 of the Lair of Beasts)
 23572 | Lair:7   | Lost mutation: Your spells are a little harder to cast, but a little more powerful. [potion of mutation]
 23572 | Lair:7   | Gained mutation: You are agile. (Dex +2) [potion of mutation]
 24028 | Lair:8   | Entered Level 8 of the Lair of Beasts
 24568 | Lair:8   | Noticed puimuR's ghost (journeyman TrWr)
 26594 | Lair:8   | Killed puimuR's ghost
 26594 | Lair:8   | Reached skill level 15 in Shields
 26594 | Lair:8   | Reached XP level 15. HP: 118/118 MP: 20/20
 27633 | Orc:1    | Entered Level 1 of the Orcish Mines
 27980 | Orc:1    | Reached skill level 1 in Transmutations
 28172 | Orc:1    | Reached skill level 1 in Earth Magic
 28204 | Orc:2    | Entered Level 2 of the Orcish Mines
 28204 | Orc:2    | Noticed an orc warlord
 28352 | Orc:2    | Found a staircase to the Elven Halls.
 28390 | Orc:2    | Found Liycwuh's Distillery.
 28404 | Orc:2    | Found Caamad's Food Shop.
 28746 | Orc:2    | Bought a potion of heal wounds for 75 gold pieces
 29599 | Orc:2    | Killed an orc warlord
 30763 | Orc:2    | Lost mutation: One of your tentacles bears a spike. [a neqoxec]
 31209 | Orc:2    | Reached skill level 10 in Dodging
 31220 | Orc:2    | Found Zurizam's Book Emporium.
 31220 | Orc:2    | Found Amniumul's Antique Armour Shoppe.
 31228 | Orc:2    | Found a one-way gate leading to the halls of Pandemonium.
 31645 | Orc:2    | Reached skill level 5 in Earth Magic
 31700 | Orc:2    | Bought a book of Necromancy for 480 gold pieces
 31704 | Orc:2    | Learned a level 3 spell: Regeneration
 31894 | D:12     | Reached skill level 5 in Transmutations
 32562 | Orc:2    | Bought a manual of Polearms for 1766 gold pieces
 33270 | D:14     | Gained mutation: You sometimes yell uncontrollably at your foes. [mutagenic meat]
 33271 | D:14     | Lost mutation: You sometimes yell uncontrollably at your foes. [mutagenic meat]
 33272 | D:14     | Lost mutation: You possess an exceptional clarity of mind. [mutagenic meat]
 33320 | D:14     | Reached XP level 16. HP: 119/124 MP: 21/21
 33486 | D:14     | Gained mutation: Your spells are a little easier to cast, but a little less powerful. [mutagenic meat]
 33487 | D:14     | Lost mutation: Your mind is very acute. (Int +4) [mutagenic meat]
 33488 | D:14     | Lost mutation: You are very robust (+20% HP). [mutagenic meat]
 34156 | D:14     | Found a bloodstained altar of Trog.
 34269 | D:14     | Found a gate to the Vaults.
 34501 | D:15     | Entered Level 15 of the Dungeon
 35209 | D:15     | Found a staircase to the Depths.
 36158 | Swamp:1  | Entered Level 1 of the Swamp
 36498 | Swamp:1  | Found a frozen archway.
 36526 | IceCv    | Entered an ice cave
 37364 | IceCv    | Reached XP level 17. HP: 113/119 MP: 22/22
 38920 | Swamp:2  | Noticed Jorgrun
 38933 | Swamp:2  | Killed Jorgrun
 38941 | Swamp:2  | Gained mutation: Your natural rate of healing is unusually fast. [potion of mutation]
 39902 | Swamp:3  | Reached skill level 10 in Transmutations
 40730 | Swamp:3  | Reached skill level 10 in Earth Magic
 40767 | Swamp:3  | Reached skill level 15 in Polearms
 40924 | Swamp:3  | Paralysed by a wasp for 2 turns
 40926 | Swamp:3  | HP: 5/122 [wasp (12)]
 40930 | Swamp:3  | Slain by a spriggan rider

Skill      XL: |  1  2  3  4  5  6  7  8  9 10 11 12 13 14 15 16 17 |
---------------+----------------------------------------------------+-----
Stealth        | 3 4 5 6 7 9 10 12 | 12.0
Fighting       | 2 4 5 7 8 |  8.5
Dodging        | 4 6 7 8 9 10 | 10.0
Polearms       | 1 5 7 9 10 11 13 15 | 15.0
Air Magic      | 1 |  1.0
Shields        | 1 6 10 12 13 15 | 15.8
Invocations    | 1 5 7 |  7.3
Slings         | 3 7 |  7.7
Short Blades   | 3 4 |  4.8
Transmutations | 5 8 10 | 10.2
Earth Magic    | 6 9 10 | 10.0
Evocations     | |  3.2

Action                   |  1- 3 |  4- 6 |  7- 9 | 10-12 | 13-15 | 16-18 || total
-------------------------+-------+-------+-------+-------+-------+-------++-------
Melee: Short sword       |    67 |   167 |       |       |       |       ||   234
       Tentacles         |     9 |    35 |    57 |   194 |   589 |   416 ||  1300
       Constrict         |    13 |    43 |    54 |   137 |   209 |   108 ||   564
       Dagger            |       |       |   160 |       |       |       ||   160
       Trident           |       |       |   172 |  1095 |   846 |       ||  2113
       Kick              |       |       |     7 |   221 |   739 |       ||   967
       Rapier            |       |       |       |       |   764 |   100 ||   864
       Demon trident     |       |       |       |       |   231 |  1194 ||  1425
 Fire: Hunting sling     |       |       |    15 |       |    52 |       ||    67
Invok: Shadow Step       |       |       |       |       |     3 |       ||     3
       Shadow Form       |       |       |       |       |     4 |     2 ||     6
 Abil: Evoke Berserk Rag |       |       |       |       |     3 |     2 ||     5
Evoke: Wand              |     2 |     3 |     5 |    18 |    30 |     8 ||    66
       Deck              |       |       |       |     3 |     3 |     2 ||     8
       Stone of tremors  |       |       |       |     1 |     2 |       ||     3
  Use: Potion            |       |     5 |     4 |     7 |    13 |     8 ||    37
       Scroll            |       |     9 |     3 |    17 |    16 |     2 ||    47
 Stab: Sleeping          |     6 |    11 |    32 |    40 |    37 |    32 ||   158
       Distracted        |       |       |     4 |     6 |     9 |     8 ||    27
       Confused          |       |       |       |     2 |    13 |     1 ||    16
       Invisible         |       |       |       |       |    36 |    25 ||    61
       Petrifying        |       |       |       |       |     2 |       ||     2
       Petrified         |       |       |       |       |     2 |       ||     2
  Eat: Chunk             |     1 |     4 |    17 |    35 |    41 |    18 ||   116
       Meat ration       |       |     1 |       |     1 |     3 |     1 ||     6
       Pizza             |       |       |     2 |     2 |     2 |     1 ||     7
       Royal jelly       |       |       |       |     2 |     2 |     1 ||     5
       Beef jerky        |       |       |       |       |     1 |     2 ||     3
Armor: Skin              |     5 |    17 |    26 |    24 |    52 |    23 ||   147
Dodge: Dodged            |    43 |    68 |   133 |   194 |   723 |   378 ||  1539
Block: Other             |     6 |    27 |    60 |       |       |       ||    93
       Large shield      |       |       |    12 |   879 |  2090 |  1121 ||  4102
       Reflection        |       |       |     3 |    27 |    25 |    22 ||    77
